 Dungeon Crawl Stone Soup version 0.30-a0-782-ge64f9170bb (webtiles) character file.

Game seed: 3147457771530882550

332 Lavandula the Slasher (level 6, 0/70 HPs)
             Began as a Human Monk on Feb 20, 2023.
             Was a Believer of Elyvilon.
             Slain by Blork the orc
             ... wielding a +0 trident
              (2 damage)
             ... on level 4 of the Dungeon.
             The game lasted 00:06:15 (3876 turns).

Lavandula the Slasher (Human Monk)                  Turns: 3876, Time: 00:06:16

Health: 0/70       AC: 11    Str: 18    XL:     6   Next: 82%
Magic:  6/6        EV:  6    Int:  9    God:    Elyvilon [**....]
Gold:   167        SH:  0    Dex: 16    Spells: 5/5 levels left

rFire   . . .      SeeInvis .    r - +1 dagger (freeze)
rCold   . . .      Faith    .    (no shield)
rNeg    + . .      Spirit   .    t - +0 plate armour
rPois   .          Reflect  .    (no helmet)
rElec   .          Harm     .    (no cloak)
rCorr   .          Rampage  .    (no gloves)
Will    .....                    (no boots) Stlth
                                 (no amulet)
HPRegen 0.31/turn                u - ring of positive energy
MPRegen 0.10/turn                (no ring)

@: mighty, brilliant, berserking, attractive, flying, invisible, very quick
A: thin skeletal structure 1, strong 1
a: Renounce Religion, Purification, Heal Other


You were on level 4 of the Dungeon.
You worshipped Elyvilon.
Elyvilon was pleased with you.
You visited 1 branch of the dungeon, and saw 4 of its levels.

You collected 167 gold pieces.

Inventory:

Hand Weapons
 a - a +0 falchion
 r - a +1 dagger of freezing (weapon)
 z - a +2 rapier of draining
Missiles
 f - 2 poisoned darts
 m - 14 boomerangs (quivered)
 q - 3 datura-tipped darts
Armour
 b - a +0 robe
 t - a +0 plate armour (worn)
Jewellery
 u - a ring of positive energy (left hand)
Scrolls
 h - 3 scrolls of amnesia
 k - a scroll of vulnerability {unknown}
 p - a scroll of silence {unknown}
 s - a scroll of enchant armour
 v - 2 scrolls of poison {unknown}
 x - a scroll of magic mapping {unknown}
 y - a scroll of immolation {unknown}
Potions
 d - a potion of might
 j - a potion of mutation
 o - a potion of degeneration
 w - a potion of flight


   Skills:
 - Level 3.0 Fighting
 - Level 2.1(4.0) Short Blades
 - Level 5.2(5.5) Long Blades
 - Level 3.8 Armour
 - Level 3.0 Dodging
 - Level 2.0 Stealth


You had 5 spell levels left.
You didn't know any spells.
Your spell library contained the following spells:

 Spells                   Type           Power      Damage    Failure   Level
 Beastly Appendage        Tmut           0%         N/A       100%        1
 Dragon Form              Tmut           0%         N/A       100%        7
 Infestation              Necr           0%         N/A       100%        8


Dungeon Overview and Level Annotations

Branches:
Dungeon (4/15)             Temple (0/1) D:4

Altars:
Elyvilon

Annotations:
D:4 Blork the orc


Innate Abilities, Weirdness & Mutations

You have a somewhat thin skeletal structure. (Dex +2, Stealth+)
Your muscles are strong. (Str +4, Int/Dex -1)


Message History

* * * LOW HITPOINT WARNING * * *
Blork the orc hits you from afar with a +0 trident.
* * * LOW HITPOINT WARNING * * *
You aren't carrying any items that you can evoke.
Unknown command.
Okay, then.
Okay, then.
Okay, then.
It was a potion of might.
You feel very mighty all of a sudden.
Blork the orc looks satisfied for a moment.
Blork the orc hits you but does no damage.
It was a potion of flight.
You feel very buoyant.
You fly up into the air.
Blork the orc hits you but does no damage.
It was a potion of mutation.
You feel extremely strange.
You feel stronger.
Your bones become slightly less dense.
Blork the orc hits you from afar with a +0 trident.
* * * LOW HITPOINT WARNING * * *
Blork the orc hits you but does no damage.
It was a potion of attraction.
You feel attractive to monsters.
Blork the orc hits you but does no damage.
Blork the orc is attracted toward you.
It was a potion of brilliance.
You feel clever all of a sudden.
Blork the orc hits you with a +0 trident!
Elyvilon protects you from harm!
Blork the orc hits you but does no damage.
It was a potion of invisibility.
You fade into invisibility!
Blork the orc barely misses you.
It was a potion of berserk rage.
A red film seems to cover your vision as you go berserk!
You feel yourself moving faster!
You feel mighty!
Blork the orc hits you with a +0 trident.
* * * LOW HITPOINT WARNING * * *
Blork the orc hits you with a +0 trident.
You die...

#............##.#.>.######.#.
##.############.#.........<#.
#.# #..[.......##########.
#.# #..................)..
#.# #..........##########.
##.# #..........##########.
#..# #########...........#.
#.##############...........#.
#.)........o@........).......
#.).......######...........##
#...........#................
#.........#.#.##...........##
#...........#.##########.....
#...........#.# #.....
#.........#.#.# #.....
#...<.......#.# ######.....
#.........#.#.#####..........


You could see Blork the orc (fast, unable to see you).

Vanquished Creatures
  A howler monkey (D:4)
  An orc priest (D:4)
  Jessica (D:3)
  2 iguanas (D:4)
  An orc wizard (D:3)
  6 adders
  3 worms
  4 dart slugs
  10 orcs
  6 endoplasms
  4 giant cockroaches
  8 goblins
  9 hobgoblins
  A quokka (D:1)
  8 ball pythons
  9 bats
  2 frilled lizards (D:3)
  8 kobolds
  5 rats
89 creatures vanquished.

Vanquished Creatures (others)
  A fungus (D:4)
1 creature vanquished.

Grand Total: 90 creatures vanquished

Notes
Turn   | Place    | Note
-------+----------+-------------------------------------------
     0 | D:1      | Lavandula the Human Monk began the quest for the Orb.
     0 | D:1      | Reached XP level 1. HP: 18/18 MP: 1/1
    35 | D:1      | Found a faded altar of an unknown god.
   159 | D:1      | Reached XP level 2. HP: 16/24 MP: 2/2
   562 | D:1      | Reached skill level 4 in Long Blades
   562 | D:1      | Reached XP level 3. HP: 29/29 MP: 3/3
  1078 | D:2      | Reached XP level 4. HP: 31/35 MP: 4/4
  1377 | D:2      | Reached skill level 5 in Long Blades
  2160 | D:3      | Got the Almanac of the Sinister Gestalt
  2197 | D:3      | Found a white marble altar of Elyvilon.
  2208 | D:3      | Became a worshipper of Elyvilon the Healer
  2208 | D:3      | Reached * piety under Elyvilon
  2208 | D:3      | Reached ** piety under Elyvilon
  2281 | D:3      | Reached XP level 5. HP: 41/41 MP: 5/5
  2455 | D:3      | Reached skill level 1 in Short Blades
  2644 | D:3      | Noticed Jessica
  2649 | D:3      | Killed Jessica
  3000 | D:3      | Reached skill level 1 in Armour
  3142 | D:4      | Found a staircase to the Ecumenical Temple.
  3207 | D:4      | Reached XP level 6. HP: 36/47 MP: 6/6
  3851 | D:4      | Noticed Blork the orc
  3872 | D:4      | Gained mutation: Your muscles are strong. (Str +4, Int/Dex
                  | -1) [potion of mutation]
  3872 | D:4      | Gained mutation: You have a somewhat thin skeletal
                  | structure. (Dex +2, Stealth+) [potion of mutation]
  3874 | D:4      | Elyvilon protects you from harm!
  3876 | D:4      | HP: 2/70 [Blork the orc/+0 trident (5)]
  3876 | D:4      | Slain by Blork the orc

Illustrated notes

Levels and vault maps discovered:
D:1:      saegor_arrival_simple_c, layout_basic, ebering_ecumenical_altar_box
D:2:      layout_basic
D:3:      layout_loops_cross, elyvilon_altar_3, amcnicky_mini_pool_small,
          uniq_jessica
D:4:      layout_basic, mainiacjoe_overflow_catwalk,
          minmay_temple_entry_drinking_statues, kennysheep_dice,
          uniq_blork_the_orc, uniq_natasha, uniq_crazy_yiuf_cottage, uniq_edmund

Skill      XL: |  1  2  3  4  5  6 |
---------------+-------------------+-----
Long Blades    | 4 5 |  5.2
Short Blades   | 2 |  2.1
Armour         | 1 3 |  3.8
Fighting       | |  3.0
Dodging        | |  3.0
Stealth        | |  2.0

Action                     |  1- 3 |  4- 6 || total
---------------------------+-------+-------++-------
  Melee: Falchion          |   103 |    69 ||   172
         Dagger            |       |   217 ||   217
         Punch             |       |     5 ||     5
    Use: Scroll            |       |     5 ||     5
         Potion            |       |     8 ||     8
   Stab: Sleeping          |     8 |     4 ||    12
 Armour: Robe              |    14 |    22 ||    36
         Plate armour      |       |    87 ||    87
  Dodge: Dodged            |    53 |   100 ||   153

Table legend: (Time is in decaauts)
 A = Elapsed time spent in this place.
 B = Non-inter-level travel time spent in this place.
 C = Inter-level travel time spent in this place.
 D = Time resting spent in this place.
 E = Time spent auto-exploring this place.
 F = Levels seen in this place.
 G = Mean time per level.
                   A        B        C        D        E       F      G
               +--------+--------+--------+--------+--------+-----+--------+
         Total |   3851 |   3732 |    119 |    202 |   2674 |   4 |  962.8 |
       Dungeon |   3851 |   3732 |    119 |    202 |   2674 |   4 |  962.8 |
               +--------+--------+--------+--------+--------+-----+--------+

Top non-repeatable levels by time:
     D:2: 1204 daAuts
     D:1: 984 daAuts
     D:3: 911 daAuts
     D:4: 750 daAuts
